 Dungeon Crawl Stone Soup version 0.24.0-37-gcf1ca852f1 (webtiles) character file.

Game seed: 12447713168131520526, levelgen mode: deterministic

977436 grindst0ne the Evocator (level 27, -5/228 (233) HPs)
             Began as a Gnoll Wanderer on Dec 2, 2019.
             Was the Champion of Cheibriados.
             Killed by divine providence
             ... invoked by a daeva
              (14 damage)
             ... in Pandemonium.
             The game lasted 04:40:34 (86475 turns).

grindst0ne the Evocator (Gnoll Wanderer)           Turns: 86475, Time: 04:40:35

HP:   -5/228 (233)  AC: 53    Str: 47    XL:     27
MP:   38/44         EV: 30    Int: 37    God:    Cheibriados [******]
Gold: 5401          SH: 39    Dex: 30    Spells: 26/70 levels left

rFire    + + +     SeeInvis +   Z - +9 broad axe (flame)
rCold    + + .     Gourm    .   F - +8 large shield {AC+3}
rNeg     + + .     Faith    .   d - +9 scales of the Dragon King {rPois rF+ rC+ MR+}
rPois    +         Spirit   .   m - +3 hat "Umuim" {Str+6}
rElec    +         Reflect  .   D - +4 cloak "Gutom" {+Blink Stlth+}
rCorr    .         Harm     .   t - +0 pair of gloves of Suotolao {Str+6}
MR       ++++.     Rnd*Rage +   Y - +2 pair of boots {Stlth+} Stlth ++........Rnd*Tele +
                                q - amulet "Vewyroco" {RegenMP rPois rN++ SInv}
HPRegen  0.48/turn              W - +5 ring of slaying
MPRegen  0.54/turn              C - ring of Weblits {*Contam rElec rF+++ rC+ MR+}

@: glowing, studying 2 skills, very slow
A: distributed training, fangs 1, horns 1, icy blue scales 1, berserk 2, blurry
vision 1, clumsy 1, deterioration 1, low mp 1, screaming 2, strong 1,
teleportitis 1, subdued magic 2, strong nose
}: 6/15 runes: decaying, slimy, silver, obsidian, abyssal, gossamer
a: Bend Time, Temporal Distortion, Slouch, Step From Time, Renounce Religion,
Evoke Blink


You were in Pandemonium.
You worshipped Cheibriados.
Cheibriados was exalted by your worship.
You were not hungry.

You visited 14 branches of the dungeon, and saw 66 of its levels.
You visited Pandemonium 1 time, and saw 3 of its levels.
You visited the Abyss 5 times.
You visited 1 ziggurat, and saw 14 of its levels.
You also visited: Ice Cave and Volcano.

You collected 11408 gold pieces.
You spent 6007 gold pieces at shops.

Inventory:

Hand Weapons
 j - a +4 eudemon blade of holy wrath
 Z - a +9 broad axe of flaming (weapon)
Armour
 b - a +2 hat of magic resistance
 d - the +9 scales of the Dragon King (worn) {rPois rF+ rC+ MR+}
   (You bought it in a shop on level 4 of the Depths)

   It protects you from fire.
   It protects you from cold.
   It protects you from poison.
   It affects your resistance to hostile enchantments.
 m - the +3 hat "Umuim" (worn) {Str+6}
   (You acquired it on level 1 of the Abyss)

   It affects your strength (+6).
 t - the +0 pair of gloves of Suotolao (worn) {Str+6}
   (You found it on level 4 of the Vaults)

   It affects your strength (+6).
 D - the +4 cloak "Gutom" (worn) {+Blink Stlth+}
   (You found it on level 13 of a ziggurat)

   It lets you blink.
   It makes you more stealthy.
 F - a +8 large shield of protection (worn)
 U - a scarf of resistance
 Y - a +2 pair of boots of stealth (worn)
Jewellery
 a - the ring of Jealousy {*Drain EV+5 Int+4 Slay+2}
   (You took it off a deep elf mage on level 3 of the Elven Halls)

   [ring of evasion]

   It affects your evasion (+5).
   It affects your intelligence (+4).
   It affects your accuracy and damage with ranged weapons and melee attacks
   (+2).
   It causes draining when unequipped.
 q - an amulet "Vewyroco" (around neck) {RegenMP rPois rN++ SInv}
   (You found it on level 1 of the Depths)

   [amulet of magic regeneration]

   It increases your magic regeneration.
   It protects you from poison.
   It greatly protects you from negative energy.
   It lets you see invisible.
 C - the ring of Weblits (right hand) {*Contam rElec rF+++ rC+ MR+}
   (You found it on level 11 of a ziggurat)

   [ring of protection from magic]

   It renders you almost immune to fire.
   It protects you from cold.
   It insulates you from electricity.
   It affects your resistance to hostile enchantments.
   It causes magical contamination when unequipped.
 I - the amulet "Noafut" {Reflect rF+ SH+5}
   (You found it on level 6 of a ziggurat)

   [amulet of reflection]

   It shields you and reflects attacks.
   It protects you from fire.
   It affects your SH (+5).
 O - the ring "Sanaphou" {Wiz MP+9 Dex+6 SInv}
   (You found it on level 3 of the Crypt)

   [ring of wizardry]

   It improves your spell success rate.
   It affects your dexterity (+6).
   It affects your magic capacity (+9).
   It lets you see invisible.
 W - a +5 ring of slaying (left hand)
Wands
 p - a wand of acid (45)
 x - a wand of paralysis (43)
 z - a wand of disintegration (35)
 G - a wand of digging (8)
 H - a wand of scattershot (7)
 N - a wand of iceblast (36)
Scrolls
 c - 26 scrolls of teleportation
 g - 12 scrolls of fog
 o - 7 scrolls of holy word
 s - a scroll of brand weapon
 u - 6 scrolls of enchant weapon
 v - 13 scrolls of blinking
 w - 35 scrolls of remove curse
 B - 9 scrolls of amnesia
 M - 8 scrolls of magic mapping
 T - 2 scrolls of summoning
 X - 7 scrolls of fear
Potions
 e - 2 potions of agility
 i - 13 potions of curing
 l - 13 potions of brilliance
 n - 6 potions of resistance
 A - 6 potions of magic
 E - 5 potions of cancellation
 J - 6 potions of heal wounds
 L - 5 potions of ambrosia
 R - 9 potions of flight
 S - 2 potions of invisibility
Books
 k - a manual of Shields
 P - a manual of Evocations
Miscellaneous
 r - 4 sacks of spiders
 y - a lightning rod (4/4)
 K - 10 boxes of beasts
 Q - 3 phantom mirrors
 V - a lamp of fire
Comestibles
 f - 98 rations


   Skills:
 + Level 22.6 Fighting
 + Level 22.0 Short Blades
 + Level 22.0 Long Blades
 + Level 22.0 Axes
 + Level 22.0 Maces & Flails
 + Level 22.0 Polearms
 + Level 22.0 Staves
 + Level 22.0 Slings
 + Level 22.1 Bows
 + Level 22.0 Crossbows
 + Level 22.1 Throwing
 + Level 22.9 Armour
 + Level 22.0 Dodging
 + Level 22.0 Stealth
 + Level 24.1 Shields
 + Level 22.0 Unarmed Combat
 + Level 22.0 Spellcasting
 + Level 19.1 Conjurations
 + Level 19.1 Hexes
 + Level 19.1 Charms
 + Level 19.1 Summonings
 + Level 19.1 Necromancy
 + Level 19.1 Translocations
 + Level 19.1 Transmutations
 + Level 19.1 Fire Magic
 + Level 19.1 Ice Magic
 + Level 19.1 Air Magic
 + Level 19.1 Earth Magic
 + Level 19.1 Poison Magic
 + Level 23.5 Invocations
 + Level 24.2 Evocations


You had 26 spell levels left.
You knew the following spells:

 Your Spells              Type           Power        Failure   Level  Hunger
a - Ensorcelled Hibernat  Hex/Ice        ######       0%          2    None
b - Confuse               Hex            #######.     0%          3    None
c - Aura of Abjuration    Summ           #######...   0%          5    None
d - Lee's Rapid Deconstr  Erth           #######...   0%          5    None
e - Controlled Blink      Tloc           N/A          4%          8    ##.....
f - Statue Form           Tmut/Erth      #######..    1%          6    None
g - Lesser Beckoning      Tloc           #######...   0%          3    None
h - Deflect Missiles      Chrm/Air       #######...   1%          6    None
i - Summon Butterflies    Summ           #######.     0%          1    None
j - Summon Forest         Summ/Tloc      #######...   0%          5    None

Your spell library contained the following spells:

 Spells                   Type           Power        Failure   Level  Hunger
 Animate Skeleton         Necr           N/A          0%          1    None
 Apportation              Tloc           ######       0%          1    None
 Confusing Touch          Hex            ######       0%          1    None
 Corona                   Hex            #######      0%          1    None
 Flame Tongue             Conj/Fire      #####        0%          1    None
 Freeze                   Ice            ####         0%          1    None
 Magic Dart               Conj           ####         0%          1    None
 Sandblast                Erth           ######       0%          1    None
 Shock                    Conj/Air       ####         0%          1    None
 Sting                    Conj/Pois      ####         0%          1    None
 Summon Small Mammal      Summ           ####         0%          1    None
 Call Imp                 Summ           #######.     0%          2    None
 Corpse Rot               Necr           N/A          0%          2    None
 Passwall                 Tmut/Erth      #######.     0%          2    None
 Poisonous Vapours        Pois/Air       ######       0%          2    None
 Searing Ray              Conj           ######       0%          2    None
 Slow                     Hex            #######.     0%          2    None
 Sublimation of Blood     Necr           #######...   0%          2    None
 Throw Flame              Conj/Fire      ######       0%          2    None
 Throw Frost              Conj/Ice       ######       0%          2    None
 Call Canine Familiar     Summ           #######.     0%          3    None
 Conjure Flame            Conj/Fire      #######.     0%          3    None
 Dazzling Spray           Conj/Hex       ######       0%          3    None
 Gell's Gravitas          Tloc           #######...   0%          3    None
 Ignite Poison            Fire/Tmut/Pois #######.     0%          3    None
 Inner Flame              Hex/Fire       #######.     0%          3    None
 Mephitic Cloud           Conj/Pois/Air  #######.     0%          3    None
 Ozocubu's Armour         Chrm/Ice       #######.     0%          3    None
 Portal Projectile        Hex/Tloc       ######       0%          3    None
 Recall                   Summ/Tloc      N/A          0%          3    None
 Spider Form              Tmut/Pois      #######...   0%          3    None
 Static Discharge         Conj/Air       #######.     0%          3    None
 Stone Arrow              Conj/Erth      ######       0%          3    None
 Summon Guardian Golem    Hex/Summ       #######.     0%          3    None
 Tukima's Dance           Hex            #######.     0%          3    None
 Cause Fear               Hex            #######...   0%          4    None
 Force Lance              Conj/Tloc      #######.     0%          4    None
 Fulminant Prism          Conj/Hex       #######...   0%          4    None
 Ice Form                 Ice/Tmut       #######.     0%          4    None
 Iskenderun's Mystic Bla  Conj           #######.     0%          4    None
 Leda's Liquefaction      Hex/Erth       #######...   0%          4    None
 Olgreb's Toxic Radiance  Pois           #######.     0%          4    None
 Petrify                  Tmut/Erth      #######.     0%          4    None
 Sticky Flame             Conj/Fire      #######.     0%          4    None
 Summon Ice Beast         Ice/Summ       #######.     0%          4    None
 Summon Lightning Spire   Summ/Air       #######.     0%          4    None
 Throw Icicle             Conj/Ice       #######.     0%          4    None
 Agony                    Necr           #######.     0%          5    None
 Alistair's Intoxication  Tmut/Pois      #######.     0%          5    None
 Bolt of Draining         Conj/Necr      #######...   0%          5    None
 Dispel Undead            Necr           #######.     0%          5    None
 Excruciating Wounds      Chrm/Necr      #######...   0%          5    None
 Fireball                 Conj/Fire      #######...   0%          5    None
 Irradiate                Conj/Tmut      #######...   0%          5    None
 Iskenderun's Battlesphe  Conj/Chrm      #######.     0%          5    None
 Lightning Bolt           Conj/Air       #######...   0%          5    None
 Metabolic Englaciation   Hex/Ice        #######...   0%          5    None
 Silence                  Hex/Air        #######...   0%          5    None
 Summon Demon             Summ           #######...   0%          5    None
 Summon Mana Viper        Hex/Summ       #######.     0%          5    None
 Venom Bolt               Conj/Pois      #######...   0%          5    None
 Yara's Violent Unravell  Hex/Tmut       #######...   0%          5    None
 Bolt of Cold             Conj/Ice       #######...   1%          6    None
 Bolt of Fire             Conj/Fire      #######...   1%          6    None
 Conjure Ball Lightning   Conj/Air       #######...   1%          6    None
 Dispersal                Tloc           #######...   1%          6    None
 Freezing Cloud           Conj/Ice/Air   #######...   1%          6    None
 Hydra Form               Tmut           #######...   1%          6    None
 Invisibility             Hex            #######.     1%          6    None
 Ozocubu's Refrigeration  Ice            #######...   1%          6    None
 Shadow Creatures         Summ           N/A          1%          6    None
 Simulacrum               Ice/Necr       #######...   1%          6    None
 Dragon Form              Tmut           #######...   1%          7    None
 Malign Gateway           Summ/Tloc      #######...   1%          7    None
 Monstrous Menagerie      Summ           #######...   1%          7    None
 Ring of Flames           Chrm/Fire      #######...   1%          7    None
 Spellforged Servitor     Conj/Summ      #######...   1%          7    None
 Summon Greater Demon     Summ           #######...   1%          7    None
 Summon Hydra             Summ           #######...   1%          7    None
 Disjunction              Tloc           #######...   4%          8    ##.....
 Ignition                 Fire           #######...   4%          8    ##.....
 Summon Horrible Things   Summ           #######...   4%          8    ##.....
 Tornado                  Air            #######...   63%         9    ####...


Dungeon Overview and Level Annotations

Branches:
Dungeon (15/15)            Temple (1/1) D:6            Lair (6/6) D:9
  Swamp (4/4) Lair:2       Spider (4/4) Lair:3        Slime (5/5) Lair:6
    Orc (2/2) D:12            Elf (3/3) Orc:2        Vaults (5/5) D:14
  Crypt (3/3) Vaults:3       Tomb (0/3) Crypt:3      Depths (5/5) D:15
   Hell (visited)             Dis (0/7) Hell            Geh (7/7) Hell
    Coc (0/7) Hell            Tar (0/7) Hell            Zot (5/5) Depths:5
  IceCv (visited)         Volcano (visited)

Altars:
Ashenzari
Cheibriados
Dithmenos
Elyvilon
Fedhas
Gozag
Hepliaklqana
Kikubaaqudgha
Makhleb
Nemelex Xobeh
Qazlal
Ru
Sif Muna
Trog
Uskayaw
Wu Jian
Xom
The Shining One
Beogh
Jiyva

Shops:
D:4 [   D:5 (   D:7 !   D:10 [*![   D:12 [   D:13 %   Orc:2 =}(*(   Elf:2 ?
Vaults:1 *   Vaults:2 (}%   Vaults:3 *   Depths:4 [

Portals:
Hell: Depths:1 Depths:2 Depths:3 Depths:4 Depths:5
Abyss: Depths:4
Pandemonium: Depths:3

Annotations:
Zot:4 3 runed translucent doors, Hicanoach's ghost, master DsGl; Mikey69's ghost, legendary DsBe; Uneer's ghost, legendary GnFE


Innate Abilities, Weirdness & Mutations

Your experience applies equally to all skills.
You have very sharp teeth.
Your uncanny sense of smell can sniff out nearby items.
You have a pair of small horns on your head.
You are partially covered in icy blue scales. (AC +2)
You often lose your temper in combat.
Scrolls take you a little longer to read.
You are clumsy. (Dex -2)
Your body sometimes deteriorates upon taking damage.
Your magical capacity is low. (-10% MP)
You sometimes yell uncontrollably at your foes.
Your muscles are strong. (Str +2)
You are occasionally teleported next to monsters.
Your spells are easier to cast, but less powerful.


Message History

You barely miss the daeva.
The daeva calls down the wrath of Zin upon you.
Zin smites you!
* * * LOW HITPOINT WARNING * * *
The daeva calls down the wrath of Zin upon you.
Zin smites you!
* * * LOW HITPOINT WARNING * * *
The daeva blocks your attack.
You headbutt the daeva.
The daeva is severely wounded.
You slice the daeva!! You burn the daeva.
You hear a shout!
The daeva calls down the wrath of Zin upon you.
Zin smites you!
* * * LOW HITPOINT WARNING * * *
The daeva calls down the wrath of the Shining One upon you.
The Shining One smites you!
* * * LOW HITPOINT WARNING * * *
The daeva calls down the wrath of Zin upon you.
Zin smites you!
You die...

.................# ###
##############....####..
# ∆# #........ ..#
#.##....... ....
#..).....#.
.....A##############..).
.....A...#.#.#.#.#.#.#..
._...###A'.........'....
....AAA@.#.#.#.#.#.#.#..
.....A##############....
..... ∆ ......#. #..#
#....... ## ......##
..##### ∆ #


You could see 5 daevas.

Vanquished Creatures
  2 pandemonium lords
  Asmodeus (Geh:7)
  Khufu (Crypt:2)
  7 orbs of fire
  Mennas (Crypt:2)
  2 juggernauts (Depths:3)
  9 ancient liches
  3 greater mummies
  The ghost of Xenat the Impregnable, a veteran MiGl of Hepliaklqana (Crypt:1)
  6 Killer Klowns
  Margery (Vaults:3)
  Xtahua (Crypt:1)
  3 caustic shrikes (Depths:4)
  Geryon (Hell)
  13 golden dragons
  A profane servitor (Abyss:1)
  The ghost of Getoffmy the Slayer, a veteran GrFi of Wu Jian (Vaults:4)
  the Enchantress (Depths:2)
  10 bone dragons
  A Tzitzimitl (Pan)
  3 electric golems
  24 Brimstone Fiends
  The ghost of mavignon the Warrior, an adept CeMo of Yredelemnul (Vaults:4)
  Jorgrun (D:13)
  7 liches
  An Ice Fiend (Geh:7)
  A hellephant (Abyss:1)
  A Hell Sentinel (Zig:8)
  21 tentacled monstrosities
  25 Orb Guardians (Zot:5)
  3 deep elf master archers
  22 acid blobs
  14 quicksilver dragons
  3 deep elf blademasters
  6 titans
  A kraken (Abyss:3)
  6 sphinxes
  6 death cobs
  28 tentacled starspawn
  6 Executioners
  6 thorn hunters
  Kirke (Swamp:1)
  4 ancient champions
  10 tengu reavers
  Donald (Swamp:1)
  5 draconian monks
  13 azure jellies
  4 nagarajas (Zig:11)
  19 storm dragons
  13 shadow dragons
  9 deep elf sorcerers
  8 draconian knights
  4 revenants
  3 iron dragons
  10 frost giants
  13 fire giants
  9 daevas
  16 balrugs
  An orc warlord (D:13)
  19 vault wardens
  4 draconian scorchers
  6 cacodemons
  The ghost of Xiestris the Carver, a journeyman DsGl of Makhleb (D:15)
  5 ghost moths
  10 emperor scorpions
  Louise (Swamp:1)
  4 curse skulls
  2 juggernaut zombies
  2 caustic shrike zombies
  7 spriggan defenders
  4 deep elf elementalists
  16 angels
  18 reapers
  8 draconian stormcallers
  7 ghouls
  6 draconian shifters
  A juggernaut skeleton (Depths:3)
  15 ironheart preservers
  8 ophanim (Pan)
  2 blood saints
  8 caustic shrike skeletons
  8 draconian annihilators
  10 green draconians
  3 war gargoyles
  16 stone giants
  15 vampire knights
  28 very ugly things
  8 entropy weavers
  2 grey draconians (Depths:5)
  8 deep elf annihilators
  9 black draconians
  2 black suns
  8 apis (Pan)
  12 white draconians
  8 deep elf demonologists
  6 yellow draconians
  3 lorocyprocas
  11 red draconians
  9 spark wasps
  3 dire elephants
  8 purple draconians
  8 fire dragons
  13 deep elf death magi
  4 blizzard demons
  8 eidola
  A merfolk impaler (Depths:1)
  A merfolk javelineer (Depths:1)
  2 crystal guardians (Vaults:4)
  6 jiangshi
  10 ettins
  7 green deaths
  A quicksilver dragon zombie (Geh:7)
  4 deep elf high priests
  5 death oozes
  A great orb of eyes (shapeshifter) (Vaults:5)
  12 rakshasas
  30 vault guards
  16 yaktaur captains
  Fannar (D:10)
  13 great orbs of eyes
  4 mummy priests
  5 ghost crabs
  3 quicksilver dragon skeletons
  7 centaur warriors
  2 naga warriors (Zig:11)
  10 ice dragons
  A catoblepas (Lair:6)
  2 hell beasts
  15 hydras
  4 spriggan air magi (Depths:2)
  A two-headed ogre (shapeshifter) (Vaults:1)
  43 two-headed ogres
  Erica (D:9)
  The ghost of Irupsat the Destroyer, a journeyman DrCj of Vehumet (D:10)
  16 death yaks
  2 shambling mangroves
  A death scarab (Zig:12)
  13 alligators
  36 dancing weapons
  10 death knights
  9 tengu warriors
  47 hell hogs
  4 deep troll shamans
  9 vampire magi
  16 ogre magi
  11 deep troll earth magi
  4 orc high priests
  11 spriggan berserkers
  A naga sharpshooter (Zig:11)
  25 thrashing horrors
  Urug (Lair:3)
  12 soul eaters
  21 sun demons
  29 deep elf knights
  5 storm dragon zombies
  2 iron golems (Hell)
  A golden dragon zombie (Abyss:3)
  3 unseen horrors
  The ghost of Thantalas the Shield-Bearer, a novice FoFi of Cheibriados (D:7)
  8 shadow wraiths
  A salamander mystic (Zig:11)
  7 titan skeletons
  30 wretched stars
  5 iron trolls
  9 cherubim (Pan)
  33 hell knights
  7 spatial maelstroms
  3 ghost moth zombies
  14 sixfirhies
  3 wizards
  A gelid demonspawn (Depths:3)
  22 skeletal warriors
  6 glowing orange brains
  17 flayed ghosts
  2 storm dragon skeletons
  An infernal demonspawn (Zig:8)
  8 spriggan druids
  5 shadow demons
  3 anaconda zombies
  15 deep trolls
  4 swamp dragons (Swamp:4)
  19 phantasmal warriors
  3 golden dragon skeletons
  22 deep elf archers
  3 shadow dragon zombies
  27 necromancers
  13 ironbrand convokers
  2 tengu zombies
  2 lindwurms (Lair:6)
  2 shadow dragon skeletons (Geh:7)
  2 wolf spider zombies
  19 orc knights
  73 deep elf magi
  6 fire giant zombies
  2 iron dragon zombies
  5 manticores
  A tengu skeleton (Zig:12)
  28 ugly things
  6 shining eyes
  A mana viper (Abyss:3)
  39 wolf spiders
  8 frost giant zombies
  13 orb spiders
  10 orc sorcerers
  2 salamanders (shapeshifter)
  11 worldbinders
  2 stone giant zombies
  131 slime creatures
  9 elephants
  4 salamanders
  7 centaur zombies
  5 cyclopes
  5 dire elephant zombies
  4 frost giant skeletons
  3 stone giant skeletons
  21 moths of wrath
  Joseph (D:9)
  6 rust devils
  4 apocalypse crabs
  2 water nymphs (shapeshifter)
  2 iron dragon skeletons (Geh:7)
  3 ice statues
  4 eyes of devastation
  9 black mambas
  A black mamba (shapeshifter) (Vaults:2)
  Maurice (D:10)
  13 vault sentinels
  28 smoke demons
  3 shock serpent zombies
  A guardian serpent (Abyss:3)
  2 gargoyles (D:14)
  2 water nymphs (Abyss:4)
  14 orange demons
  4 fire giant skeletons
  4 torpor snails
  Psyche (D:11)
  A naga mage (Zig:11)
  10 molten gargoyles (Geh:7)
  2 dire elephant skeletons
  A yaktaur zombie (Vaults:2)
  A spriggan skeleton (Depths:3)
  9 ice devils
  15 efreet
  21 spiny frogs
  16 hellions
  36 yaktaurs
  7 kobold demonologists
  A red draconian zombie (Geh:7)
  A rime drake (shapeshifter) (Depths:4)
  2 swamp worm zombies
  21 freezing wraiths
  4 yaktaurs (shapeshifter)
  7 rime drakes
  3 shock serpent skeletons
  11 tormentors
  A spark wasp simulacrum (Zig:12)
  7 komodo dragons
  17 demonic crawlers
  A redback zombie (D:15)
  A pale draconian skeleton (Crypt:1)
  2 emperor scorpion zombies (Crypt:3)
  5 tengu conjurers
  17 hellwings
  A minotaur skeleton (Crypt:1)
  23 ancient zymes
  9 guardian mummies
  18 red devils
  A queen bee (shapeshifter) (Abyss:3)
  31 jumping spiders
  A silent spectre (Zig:9)
  4 hydra zombies
  3 harpy zombies
  2 catoblepas skeletons
  A wolf spider simulacrum (Crypt:1)
  A blink frog (shapeshifter) (Abyss:3)
  2 trolls (shapeshifter)
  21 polar bears
  11 trolls
  6 tyrant leeches
  A wind drake (shapeshifter) (Vaults:4)
  A tengu simulacrum (Depths:4)
  A hydra skeleton (Geh:7)
  A harpy skeleton (Geh:7)
  15 blink frogs
  2 fire dragon zombies
  48 raiju
  40 hornets
  A centaur simulacrum (D:13)
  4 ice dragon zombies
  A stone giant simulacrum (Vaults:3)
  12 hippogriffs
  11 bog bodies
  A fire giant simulacrum (Abyss:3)
  62 flying skulls
  2 dream sheep (Lair:6)
  2 ettin zombies
  54 large abominations
  3 ettin skeletons
  A black mamba zombie (Geh:5)
  118 starcursed masses
  3 alligator skeletons
  32 wraiths
  102 redbacks
  61 spriggans
  2 ushabtiu (Zig:12)
  15 water elementals
  4 fire dragon skeletons
  13 shadows
  A yak (shapeshifter) (Abyss:3)
  21 ynoxinuls
  4 air elementals
  2 hogs (Swamp:1)
  47 tarantellas
  An ice dragon skeleton (Vaults:1)
  78 yaks
  21 fire elementals
  4 wyverns
  A basilisk (shapeshifter) (D:10)
  11 chaos spawn
  19 vampire mosquitoes
  4 basilisks
  9 humans (D:14)
  2 fire bats (Abyss:1)
  11 golden eyes
  Grum (D:9)
  An elf skeleton (Depths:4)
  3 hungry ghosts
  A yaktaur simulacrum (Zig:2)
  9 neqoxecs
  47 small abominations
  12 wargs
  17 swamp worms
  14 spatial vortices
  A merfolk zombie (Geh:7)
  9 insubstantial wisps
  3 nagas (Zig:11)
  38 hell hounds
  7 acid dragons
  A hydra simulacrum (Hell)
  A water moccasin (shapeshifter) (Abyss:3)
  2 soldier ants
  18 water moccasins
  3 floating eyes
  4 human skeletons
  6 porcupines
  11 swamp drakes
  10 ice beasts
  51 orc warriors
  3 human zombies
  2 sky beasts
  4 spiny frog skeletons
  2 black bears
  7 eyes of draining
  A sky beast (shapeshifter) (Depths:4)
  A fire dragon simulacrum (Crypt:1)
  2 snapping turtle zombies
  A swamp dragon zombie (Geh:2)
  40 ogres
  14 necrophages
  3 phantoms
  A manticore zombie (Geh:6)
  A manticore skeleton (Geh:7)
  A dream sheep skeleton (Crypt:1)
  9 boggarts
  2 swamp dragon skeletons
  18 wolves
  3 snapping turtle skeletons
  14 centaurs
  13 crocodiles
  11 big kobolds
  A glowing shapeshifter simulacrum (Vaults:2)
  19 bullfrogs
  A deep troll simulacrum (Vaults:3)
  A gnoll sergeant (D:8)
  3 cyclops zombies
  9 earth elementals
  A hippogriff skeleton (Crypt:2)
  4 wyvern zombies
  2 spiny frog simulacra (Hell)
  A raiju zombie (Crypt:2)
  5 scorpions
  8 wyvern skeletons (Crypt:3)
  2 human simulacra
  A yak skeleton (Crypt:1)
  21 killer bees
  42 wights
  An electric eel (Lair:2)
  A troll skeleton (Geh:7)
  4 howler monkeys
  15 crimson imps
  3 bullfrog zombies
  9 quasits
  8 iron imps
  6 hounds
  6 jellies
  33 orc priests
  53 orc wizards
  6 centaur skeletons
  A gnoll shaman (D:9)
  Jessica (D:2)
  3 bullfrog skeletons
  10 iguanas
  6 hell rats (Hell)
  12 worker ants
  An ogre skeleton (Crypt:2)
  A hound zombie (D:11)
  A hound skeleton (D:8)
  15 mummies
  A worker ant zombie (D:11)
  12 gnolls
  9 adders
  3 shadow imps
  A steam dragon skeleton (Crypt:2)
  12 white imps
  7 ufetubi
  6 oozes (D:8)
  2 dart slugs (D:1)
  6 leopard geckos
  92 orcs
  A ball python (D:1)
  4 bats
  4 giant cockroaches
  4 goblins
  6 hobgoblins
  12 jackals
  17 kobolds
  3 quokkas
  3 frilled lizards
  A jackal skeleton (Crypt:2)
  A leopard gecko zombie (D:5)
  A quokka zombie (D:6)
  4 rats
  4 briar patches (Abyss:4)
  6 crawling corpses (Elf:3)
  A fire vortex (Geh:7)
  2 lurking horrors
  43 starspawn tentacles
  3 tentacles (Abyss:3)
  5 withered plants (Crypt:3)
4297 creatures vanquished.

Vanquished Creatures (collateral kills)
  the Royal Jelly (Slime:5)
  3 acid blobs
  An azure jelly (Slime:5)
  A draconian scorcher (Zig:10)
  Snorg (Lair:3)
  3 death oozes (Slime:5)
  2 great orbs of eyes
  3 shining eyes
  2 guardian serpents (Zig:11)
  A naga mage (Zig:11)
  A slime creature (Slime:3)
  A naga (Zig:11)
  An eye of draining (Slime:3)
21 creatures vanquished.

Vanquished Creatures (others)
  A tentacled starspawn (Abyss:3)
  An Executioner (Zig:14)
  A nagaraja (Zig:11)
  A draconian scorcher (Zot:1)
  A draconian shifter (Zig:10)
  A draconian knight (Zot:4)
  A draconian annihilator (Zig:10)
  A draconian stormcaller (Zig:10)
  A deep elf annihilator (Elf:3)
  A purple draconian (Zig:10)
  3 yaktaur captains
  A hydra (Swamp:4)
  3 hell hogs
  An orc high priest (Elf:3)
  A hell knight (Geh:7)
  A soul eater (Hell)
  A wizard (Vaults:3)
  3 necromancers
  A deep elf archer (Elf:1)
  A cyclops (Vaults:2)
  7 yaktaurs
  A red devil (Geh:7)
  An ancient zyme (Abyss:3)
  4 raiju (Abyss:3)
  An ettin skeleton (Geh:7)
  A flying skull (Geh:7)
  An alligator skeleton (Geh:1)
  3 yaks (IceCv)
  2 humans
  2 large abominations
  3 golden eyes (Abyss:3)
  6 wolves (IceCv)
  A small abomination (Abyss:3)
  A starcursed mass (Abyss:1)
  An ogre (Vaults:5)
  A centaur (D:13)
  An orc (D:14)
  3 briar patches (Abyss:4)
  6 demonic plants (Abyss:4)
  7 fungi
  5 lurking horrors
  5 plants
  3 snaplasher vines
  44 starspawn tentacles
  7 tentacles (Abyss:3)
  6 toadstools (D:8)
  9 withered plants
158 creatures vanquished.

Grand Total: 4476 creatures vanquished

Notes
Turn   | Place    | Note
-------+----------+-------------------------------------------
     0 | D:1      | grindst0ne the Gnoll Wanderer began the quest for the Orb.
     0 | D:1      | grindst0ne set off with the following items: a +2 shortbow,
                  | 28 arrows, a scroll of teleportation, a +0 ring mail, a
                  | ration
     0 | D:1      | Reached XP level 1. HP: 23/23 MP: 1/1
    23 | D:1      | Noticed an electric eel
   144 | D:1      | Reached XP level 2. HP: 21/29 MP: 2/2
   372 | D:2      | Reached XP level 3. HP: 30/35 MP: 3/3
   399 | D:2      | Reached skill level 1 in Invocations
   401 | D:2      | Found a sparkling altar of Nemelex Xobeh.
   931 | D:2      | Reached skill level 1 in Short Blades
   931 | D:2      | Reached skill level 1 in Long Blades
   931 | D:2      | Reached skill level 1 in Axes
   931 | D:2      | Reached skill level 1 in Maces & Flails
   931 | D:2      | Reached skill level 1 in Polearms
   931 | D:2      | Reached skill level 1 in Staves
   931 | D:2      | Reached skill level 1 in Slings
   931 | D:2      | Reached skill level 1 in Crossbows
   931 | D:2      | Reached skill level 1 in Dodging
   931 | D:2      | Reached skill level 1 in Stealth
   931 | D:2      | Reached skill level 1 in Unarmed Combat
   931 | D:2      | Reached skill level 1 in Spellcasting
   931 | D:2      | Reached skill level 1 in Evocations
  1115 | D:2      | Reached XP level 4. HP: 37/41 MP: 5/5
  1116 | D:2      | Noticed Jessica
  1455 | D:2      | Found a shattered altar of Ashenzari.
  1543 | D:2      | Killed Jessica
  1543 | D:2      | Reached skill level 1 in Conjurations
  1543 | D:2      | Reached skill level 1 in Hexes
  1543 | D:2      | Reached skill level 1 in Charms
  1543 | D:2      | Reached skill level 1 in Summonings
  1543 | D:2      | Reached skill level 1 in Necromancy
  1543 | D:2      | Reached skill level 1 in Translocations
  1543 | D:2      | Reached skill level 1 in Transmutations
  1543 | D:2      | Reached skill level 1 in Fire Magic
  1543 | D:2      | Reached skill level 1 in Ice Magic
  1543 | D:2      | Reached skill level 1 in Air Magic
  1543 | D:2      | Reached skill level 1 in Earth Magic
  1543 | D:2      | Reached skill level 1 in Poison Magic
  1561 | D:2      | Reached XP level 5. HP: 47/47 MP: 6/6
  1571 | D:2      | Found a shimmering altar of Xom.
  1688 | D:3      | Found an opulent altar of Gozag.
  1867 | D:3      | Found a faded altar of an unknown god.
  1904 | D:3      | Found an ornate altar of the Wu Jian Council.
  2275 | D:3      | Found a shadowy altar of Dithmenos.
  2488 | D:4      | Found Ulluag's Armour Emporium.
  2499 | D:4      | Bought a +0 helmet for 63 gold pieces
  2532 | D:4      | Reached XP level 6. HP: 46/53 MP: 8/8
  2685 | D:4      | Got an ancient spear
  2686 | D:4      | Identified the +9 spear of Gaj Weun {flame, rN+ MP+9} (You
                  | found it on level 4 of the Dungeon)
  2796 | D:5      | Entered Level 5 of the Dungeon
  2796 | D:5      | Found a shattered altar of Ashenzari.
  2801 | D:5      | Noticed an ice beast
  2807 | D:5      | Killed an ice beast
  2961 | D:5      | Reached XP level 7. HP: 44/59 MP: 10/10
  3015 | D:5      | Found Togaz's Weapon Shop.
  3301 | D:5      | Reached XP level 8. HP: 67/67 MP: 12/12
  3407 | D:5      | Found a burning altar of Makhleb.
  3407 | D:5      | Noticed a blizzard demon
  3629 | D:6      | Found a staircase to the Ecumenical Temple.
  3646 | Temple   | Entered the Ecumenical Temple
  3740 | Temple   | Became a worshipper of Cheibriados the Contemplative
  4010 | D:6      | Found a shimmering altar of Xom.
  4293 | D:7      | Found Qoig Vepn's Distillery.
  4298 | D:7      | Found a runed translucent gate.
  4311 | D:7      | Noticed Thantalas's ghost (novice FoFi)
  4333 | D:7      | Bought a potion of curing for 36 gold pieces
  4333 | D:7      | Bought a potion of heal wounds for 60 gold pieces
  4353 | D:7      | Found a runed translucent gate.
  4353 | D:7      | Found a runed translucent gate.
  4355 | D:7      | Found a roughly hewn altar of Beogh.
  4636 | D:7      | Reached * piety under Cheibriados
  4948 | D:7      | Reached XP level 9. HP: 66/72 MP: 14/14
  4971 | D:7      | Killed Thantalas's ghost
  5296 | D:8      | Reached skill level 5 in Bows
  5296 | D:8      | Reached skill level 5 in Throwing
  5296 | D:8      | Reached skill level 5 in Shields
  5547 | D:8      | Reached ** piety under Cheibriados
  5547 | D:8      | Reached skill level 5 in Invocations
  5703 | D:8      | Reached XP level 10. HP: 80/80 MP: 17/17
  5911 | D:8      | Reached skill level 5 in Short Blades
  5911 | D:8      | Reached skill level 5 in Long Blades
  5911 | D:8      | Reached skill level 5 in Axes
  5911 | D:8      | Reached skill level 5 in Maces & Flails
  5911 | D:8      | Reached skill level 5 in Polearms
  5911 | D:8      | Reached skill level 5 in Staves
  5911 | D:8      | Reached skill level 5 in Slings
  5911 | D:8      | Reached skill level 5 in Crossbows
  5911 | D:8      | Reached skill level 5 in Dodging
  5911 | D:8      | Reached skill level 5 in Stealth
  5911 | D:8      | Reached skill level 5 in Unarmed Combat
  5911 | D:8      | Reached skill level 5 in Spellcasting
  5911 | D:8      | Reached skill level 5 in Evocations
  5931 | D:8      | Reached *** piety under Cheibriados
  6095 | D:8      | Found a hazy altar of Hepliaklqana.
  6098 | D:8      | Found a stormy altar of Qazlal.
  6101 | D:8      | Found a blossoming altar of Fedhas.
  6114 | D:8      | Found a hazy altar of Hepliaklqana.
  6273 | D:9      | Reached skill level 10 in Armour
  6347 | D:9      | Noticed an elephant
  6364 | D:9      | Killed an elephant
  6570 | D:9      | Noticed Erica
  6583 | D:9      | Noticed Grum
  6585 | D:9      | Killed Erica
  6591 | D:9      | Reached XP level 11. HP: 87/87 MP: 19/19
  6606 | D:9      | Killed Grum
  6606 | D:9      | Reached **** piety under Cheibriados
  6664 | D:9      | Found a burning altar of Makhleb.
  6670 | D:9      | Noticed Joseph
  6689 | D:9      | Killed Joseph
  6738 | D:9      | Found a staircase to the Lair.
  7121 | D:9      | Reached skill level 5 in Conjurations
  7121 | D:9      | Reached skill level 5 in Hexes
  7121 | D:9      | Reached skill level 5 in Charms
  7121 | D:9      | Reached skill level 5 in Summonings
  7121 | D:9      | Reached skill level 5 in Necromancy
  7121 | D:9      | Reached skill level 5 in Translocations
  7121 | D:9      | Reached skill level 5 in Transmutations
  7121 | D:9      | Reached skill level 5 in Fire Magic
  7121 | D:9      | Reached skill level 5 in Ice Magic
  7121 | D:9      | Reached skill level 5 in Air Magic
  7121 | D:9      | Reached skill level 5 in Earth Magic
  7121 | D:9      | Reached skill level 5 in Poison Magic
  7170 | D:10     | Entered Level 10 of the Dungeon
  7192 | D:10     | Noticed Fannar
  7231 | D:10     | Killed Fannar
  7634 | D:10     | Found Nup Kyle's Assorted Antiques.
  7656 | D:10     | Noticed Maurice
  7660 | D:10     | Killed Maurice
  7718 | D:10     | Reached ***** piety under Cheibriados
  7761 | D:10     | Found Voguet's Armour Shop.
  7807 | D:10     | Found Irohuji's Distillery.
  7854 | D:10     | Killed an unseen horror
  7971 | D:10     | Learned a level 2 spell: Ensorcelled Hibernation
  7975 | D:10     | Learned a level 3 spell: Confuse
  7985 | D:10     | Found a runed translucent gate.
  7987 | D:10     | Found a runed translucent gate.
  7988 | D:10     | Found a runed translucent gate.
  7991 | D:10     | Noticed Irupsat's ghost (journeyman DrCj)
  8157 | D:10     | Reached XP level 12. HP: 96/96 MP: 22/22
  8237 | D:10     | Noticed a two-headed ogre
  8249 | D:10     | Killed a two-headed ogre
  8371 | D:10     | Found Vufruar's Armour Shop.
  8664 | D:11     | Reached ****** piety under Cheibriados
  8765 | D:11     | Noticed Psyche
  8769 | D:11     | Killed Psyche
  8921 | D:11     | Identified the +8 spear "Pouven" {freeze, rF+}
  9202 | Lair:1   | Entered Level 1 of the Lair of Beasts
  9397 | Lair:1   | You fall into a shaft and drop 1 floor!
  9416 | Lair:2   | Found a dark tunnel.
  9425 | Volcano  | Entered a volcano
 10146 | Lair:2   | Found a staircase to the Swamp.
 10272 | Lair:2   | Reached skill level 10 in Fighting
 10665 | Lair:3   | Noticed Snorg
 10669 | Lair:3   | Killed Snorg
 10736 | Lair:3   | Noticed Urug
 10762 | Lair:3   | Killed Urug
 10762 | Lair:3   | Reached XP level 13. HP: 68/103 MP: 24/24
 11019 | Lair:3   | Found a hole to the Spider Nest.
 11253 | Lair:3   | Got a bloodstained leather armour
 14049 | Lair:6   | Entered Level 6 of the Lair of Beasts
 14092 | Lair:6   | Found a staircase to the Slime Pits.
 14151 | Lair:6   | Reached XP level 14. HP: 100/111 MP: 26/26
 15949 | Lair:6   | Noticed a dire elephant
 15959 | Lair:6   | Killed a dire elephant
 15959 | Lair:6   | Reached skill level 10 in Invocations
 17108 | D:10     | Killed Irupsat's ghost
 18103 | D:12     | Found Raoxte's Armour Boutique.
 18602 | D:12     | Found a staircase to the Orcish Mines.
 18673 | D:12     | Reached XP level 15. HP: 96/119 MP: 28/28
 18999 | D:12     | Identified the Tome of the Six Continents
 19292 | D:13     | Found Nuddel's Food Emporium.
 19305 | D:13     | Noticed Jorgrun
 19327 | D:13     | Killed Jorgrun
 19327 | D:13     | Reached skill level 10 in Bows
 19327 | D:13     | Reached skill level 10 in Throwing
 19327 | D:13     | Reached skill level 10 in Shields
 19333 | D:13     | Found a frozen archway.
 19406 | IceCv    | Entered an ice cave
 19467 | IceCv    | Identified the cursed +1 leather armour of Wasuic {*Slow
                  | rElec Regen+ Int+3} (You found it on level 3 of the Lair of
                  | Beasts)
 20450 | IceCv    | Got a transparent ring mail
 20461 | IceCv    | Identified the cursed +1 ring mail "Vunaoc" {rF+ rC- Regen+
                  | rCorr} (You found it in an ice cave)
 21084 | IceCv    | Noticed a frost giant
 21094 | IceCv    | Killed a frost giant
 21631 | D:13     | Noticed an orc warlord
 21658 | D:13     | Killed an orc warlord
 21658 | D:13     | Reached skill level 10 in Short Blades
 21658 | D:13     | Reached skill level 10 in Long Blades
 21658 | D:13     | Reached skill level 10 in Axes
 21658 | D:13     | Reached skill level 10 in Maces & Flails
 21658 | D:13     | Reached skill level 10 in Polearms
 21658 | D:13     | Reached skill level 10 in Staves
 21658 | D:13     | Reached skill level 10 in Slings
 21658 | D:13     | Reached skill level 10 in Crossbows
 21658 | D:13     | Reached skill level 10 in Dodging
 21658 | D:13     | Reached skill level 10 in Stealth
 21658 | D:13     | Reached skill level 10 in Unarmed Combat
 21658 | D:13     | Reached skill level 10 in Spellcasting
 21658 | D:13     | Reached skill level 10 in Evocations
 22083 | D:13     | Found a roughly hewn altar of Beogh.
 23328 | D:14     | Reached XP level 16. HP: 89/127 MP: 30/30
 23418 | D:14     | Identified a scroll of acquirement
 23421 | D:14     | Got a warped jade ring
 23425 | D:14     | Identified the ring of Xom's Vengeance {rN+ Dex+5 Slay+2}
                  | (You acquired it on level 14 of the Dungeon)
 23665 | D:14     | Found a gate to the Vaults.
 24332 | D:15     | Entered Level 15 of the Dungeon
 24901 | D:15     | Found a runed translucent door.
 24901 | D:15     | Noticed Xiestris's ghost (journeyman DsGl)
 25121 | D:15     | Found a staircase to the Depths.
 25807 | D:15     | Got a steaming leather armour
 25818 | D:15     | Identified the +1 leather armour "Biskuss" {rN+ rCorr} (You
                  | found it on level 15 of the Dungeon)
 25899 | D:15     | Killed Xiestris's ghost
 25908 | D:15     | Gained mutation: You are agile. (Dex +2) [potion of
                  | mutation]
 25908 | D:15     | Gained mutation: You have a pair of small horns on your
                  | head. [potion of mutation]
 25908 | D:15     | Gained mutation: You expend magic power (3 MP) to
                  | strengthen your wands. [potion of mutation]
 25908 | D:15     | Gained mutation: You have sharp toenails. [potion of
                  | mutation]
 26038 | Orc:1    | Entered Level 1 of the Orcish Mines
 26588 | Orc:2    | Entered Level 2 of the Orcish Mines
 26609 | Orc:2    | Found a staircase to the Elven Halls.
 26655 | Orc:2    | Found Goat's Weapon Shop.
 27413 | Orc:2    | Found Hareib's Assorted Antiques.
 27413 | Orc:2    | Found Yphampy's Antique Weapon Emporium.
 27414 | Orc:2    | Found Roqag's Jewellery Shoppe.
 27417 | Orc:2    | Found Ysion's Gadget Shoppe.
 27424 | Orc:2    | Bought the ring "Sihimp" {rElec rC+ Dex+2} for 648 gold
                  | pieces
 27436 | Orc:2    | Bought a scroll of magic mapping for 87 gold pieces
 27436 | Orc:2    | Bought a scroll labeled GETU HABBATZ for 25 gold pieces
 27436 | Orc:2    | Bought 2 scrolls labeled SELAOBE XORETH for 50 gold pieces
 27690 | Swamp:1  | Entered Level 1 of the Swamp
 27690 | Swamp:1  | Noticed Kirke
 27705 | Swamp:1  | Killed Kirke
 27767 | Swamp:1  | Reached XP level 17. HP: 135/135 MP: 32/32
 28096 | Swamp:1  | Noticed Donald
 28109 | Swamp:1  | Killed Donald
 28248 | Swamp:1  | Noticed Louise
 28263 | Swamp:1  | Killed Louise
 28945 | Swamp:2  | You fall into a shaft and drop 1 floor!
 28989 | Swamp:3  | Found an ornate altar of the Wu Jian Council.
 30158 | Swamp:4  | Entered Level 4 of the Swamp
 30271 | Swamp:4  | Reached skill level 10 in Conjurations
 30271 | Swamp:4  | Reached skill level 10 in Hexes
 30271 | Swamp:4  | Reached skill level 10 in Charms
 30271 | Swamp:4  | Reached skill level 10 in Summonings
 30271 | Swamp:4  | Reached skill level 10 in Necromancy
 30271 | Swamp:4  | Reached skill level 10 in Translocations
 30271 | Swamp:4  | Reached skill level 10 in Transmutations
 30271 | Swamp:4  | Reached skill level 10 in Fire Magic
 30271 | Swamp:4  | Reached skill level 10 in Ice Magic
 30271 | Swamp:4  | Reached skill level 10 in Air Magic
 30271 | Swamp:4  | Reached skill level 10 in Earth Magic
 30271 | Swamp:4  | Reached skill level 10 in Poison Magic
 30360 | Swamp:4  | Reached XP level 18. HP: 122/143 MP: 33/33
 30767 | Swamp:4  | Noticed a tentacled monstrosity
 30786 | Swamp:4  | Killed a tentacled monstrosity
 30862 | Swamp:4  | Got a decaying rune of Zot
 31249 | Spider:1 | Entered Level 1 of the Spider Nest
 31846 | Spider:1 | Got a transparent glaive
 32697 | Spider:2 | Identified the +2 glaive of Desertification {distort, Int+6
                  | Dex+4 SInv} (You found it on level 1 of the Spider Nest)
 32730 | Spider:2 | Found a runed translucent door.
 32801 | Spider:2 | Got a steaming plate armour
 32812 | Spider:2 | Identified the +5 plate armour "Zyxtaese" {rN+ MR+} (You
                  | found it on level 2 of the Spider Nest)
 33187 | Spider:3 | Reached XP level 19. HP: 127/151 MP: 35/35
 33591 | Spider:3 | Identified the +2 cloak of Kopp {rN+} (You found it on
                  | level 3 of the Spider Nest)
 33759 | Spider:3 | Identified the Tome of Damage Dealing
 33962 | Spider:4 | Entered Level 4 of the Spider Nest
 34979 | Spider:4 | Got a gossamer rune of Zot
 35273 | D:12     | Bought a scarf of resistance for 384 gold pieces
 35371 | D:10     | Bought a +2 pair of boots of stealth for 322 gold pieces
 35525 | Vaults:1 | Entered Level 1 of the Vaults
 36326 | Vaults:1 | Reached XP level 20. HP: 159/159 MP: 36/36
 36368 | Vaults:1 | Found Hial's Assorted Antiques.
 36844 | Vaults:2 | Reached skill level 15 in Armour
 37246 | Vaults:2 | Found Ime Lamiru's Gadget Shoppe.
 37246 | Vaults:2 | Found Vuqytapagi's Antique Weapon Shoppe.
 37359 | Vaults:2 | Found Aqucurgh's Food Shoppe.
 38283 | Vaults:3 | Found the +8 storm bow {elec, penet}
 38592 | Vaults:3 | Found Velyil's Assorted Antiques.
 38624 | Vaults:3 | Noticed Margery
 38646 | Vaults:3 | Killed Margery
 38851 | Vaults:3 | Reached XP level 21. HP: 141/166 MP: 38/38
 39287 | Vaults:3 | Found a staircase to the Crypt.
 39666 | Vaults:4 | Found a large runed translucent door.
 39666 | Vaults:4 | Found a large runed translucent door.
 39666 | Vaults:4 | Noticed mavignon's ghost (adept CeMo)
 39666 | Vaults:4 | Noticed Getoffmy's ghost (veteran GrFi)
 39741 | Vaults:4 | Killed Getoffmy's ghost
 39743 | Vaults:4 | Killed mavignon's ghost
 39751 | Vaults:4 | Got a pair of bloodstained gloves
 39764 | Vaults:4 | Identified the +0 pair of gloves of Suotolao {Str+6} (You
                  | found it on level 4 of the Vaults)
 40126 | Vaults:4 | Reached skill level 15 in Fighting
 40284 | Vaults:4 | Reached skill level 15 in Invocations
 41136 | D:15     | Learned a level 5 spell: Aura of Abjuration
 41142 | D:15     | Learned a level 5 spell: Lee's Rapid Deconstruction
 41149 | Depths:1 | Entered Level 1 of the Depths
 41455 | Depths:1 | Reached XP level 22. HP: 104/175 MP: 40/40
 41913 | Depths:1 | Found a gateway to Hell.
 42340 | Depths:1 | Identified an amulet "Vewyroco" {RegenMP rPois rN++ SInv}
                  | (You found it on level 1 of the Depths)
 42353 | Depths:1 | Identified the ring "Salyke" {Fire rPois} (You found it on
                  | level 1 of the Depths)
 42356 | Depths:1 | Identified the ring of Gyphiotaza {rElec rPois rC- Int-3
                  | Dex+4} (You found it on level 1 of the Depths)
 42367 | Depths:1 | Identified an amulet "Niemoer" {RegenMP Int+3 SInv} (You
                  | found it on level 1 of the Depths)
 42658 | Depths:2 | You fall into a shaft and drop 1 floor!
 43846 | Depths:2 | Identified the +0 buckler of Idghucal {*Contam Regen+
                  | Dex+2} (You found it on level 2 of the Depths)
 43868 | Depths:2 | Found the +9 sword of Zonguldrok {reap}
 43888 | Depths:2 | Noticed the Enchantress
 43894 | Depths:2 | Killed the Enchantress
 44224 | Depths:2 | Found a bloodstained altar of Trog.
 44913 | Depths:3 | Reached XP level 23. HP: 139/183 MP: 41/41
 45099 | Depths:3 | Found a glowing golden altar of the Shining One.
 45422 | Depths:3 | Noticed a golden dragon
 45430 | Depths:3 | Killed a golden dragon
 45468 | Depths:3 | Reached skill level 15 in Bows
 45468 | Depths:3 | Reached skill level 15 in Throwing
 45468 | Depths:3 | Reached skill level 15 in Shields
 45513 | Depths:3 | Noticed a golden dragon
 45524 | Depths:3 | Killed a golden dragon
 45531 | Depths:3 | Noticed a juggernaut
 45533 | Depths:3 | Noticed a juggernaut
 45539 | Depths:3 | Killed a juggernaut
 45543 | Depths:3 | Killed a juggernaut
 45924 | Depths:3 | Got a pitted copper amulet
 45934 | Depths:3 | Learned a level 8 spell: Controlled Blink
 45934 | Depths:3 | Identified the amulet of Reimbursement {Gourm rPois rF+
                  | MP-9} (You found it on level 3 of the Depths)
 46202 | Depths:3 | Found a one-way gate leading to the halls of Pandemonium.
 46528 | Depths:3 | Reached skill level 15 in Short Blades
 46528 | Depths:3 | Reached skill level 15 in Long Blades
 46528 | Depths:3 | Reached skill level 15 in Axes
 46528 | Depths:3 | Reached skill level 15 in Maces & Flails
 46528 | Depths:3 | Reached skill level 15 in Polearms
 46528 | Depths:3 | Reached skill level 15 in Staves
 46528 | Depths:3 | Reached skill level 15 in Slings
 46528 | Depths:3 | Reached skill level 15 in Crossbows
 46528 | Depths:3 | Reached skill level 15 in Dodging
 46528 | Depths:3 | Reached skill level 15 in Stealth
 46528 | Depths:3 | Reached skill level 15 in Unarmed Combat
 46528 | Depths:3 | Reached skill level 15 in Spellcasting
 46528 | Depths:3 | Reached skill level 15 in Evocations
 46595 | Depths:4 | Found a one-way gate to the infinite horrors of the Abyss.
 46964 | Depths:4 | Found a gateway to a ziggurat.
 47068 | Depths:4 | Found Toedaott's Antique Armour Shop.
 47455 | Depths:4 | Noticed a caustic shrike
 47458 | Depths:4 | Killed a caustic shrike
 47485 | Depths:4 | Identified the ring "Rowkal" {*Slow Str+8 Int-5 Dex+4 SInv}
 47488 | Depths:4 | Noticed a caustic shrike
 47491 | Depths:4 | Killed a caustic shrike
 47571 | Depths:4 | Noticed a caustic shrike
 47578 | Depths:4 | Killed a caustic shrike
 47906 | Depths:4 | Bought the +9 scales of the Dragon King {rPois rF+ rC+ MR+}
                  | for 3744 gold pieces
 47906 | Depths:4 | Found the +9 scales of the Dragon King {rPois rF+ rC+ MR+}
 47963 | Depths:5 | Entered Level 5 of the Depths
 47974 | Depths:5 | Reached XP level 24. HP: 191/191 MP: 42/42
 48018 | Depths:5 | Paralysed by a floating eye for 3 turns
 48704 | Depths:5 | Found a sparkling altar of Nemelex Xobeh.
 49166 | Depths:5 | Found a gate to the Realm of Zot.
 49572 | Crypt:1  | Entered Level 1 of the Crypt
 49572 | Crypt:1  | Noticed Xtahua
 49583 | Crypt:1  | Killed Xtahua
 49597 | Crypt:1  | Found a transporter.
 49605 | Crypt:1  | Noticed Xenat's ghost (veteran MiGl)
 49609 | Crypt:1  | Found a transporter.
 50641 | Crypt:1  | Killed Xenat's ghost
 50672 | Crypt:1  | Got a clouded crystal amulet
 50968 | Crypt:2  | Noticed a greater mummy
 50969 | Crypt:2  | Noticed Khufu
 50989 | Crypt:1  | Killed a greater mummy
 51179 | Crypt:2  | Killed Khufu
 51179 | Crypt:2  | Reached XP level 25. HP: 108/200 MP: 42/42
 51848 | Crypt:2  | Identified the cursed +0 large shield of Blue Skies {Str+8}
 51848 | Crypt:2  | Noticed Mennas
 51859 | Crypt:2  | Killed Mennas
 52678 | Crypt:3  | Entered Level 3 of the Crypt
 53203 | Crypt:3  | Found a staircase to the Tomb.
 53218 | Crypt:3  | Identified the amulet "Eriguete" {Harm *Drain rElec rC++}
                  | (You found it on level 1 of the Crypt)
 53478 | Crypt:3  | Found an ancient bone altar of Kikubaaqudgha.
 53651 | Crypt:3  | Noticed an ancient lich
 53651 | Crypt:3  | Noticed an ancient lich
 53658 | Crypt:3  | Killed an ancient lich
 53667 | Crypt:3  | Killed an ancient lich
 54017 | Crypt:3  | Got a clouded granite ring
 54038 | Crypt:3  | Identified the ring "Sanaphou" {Wiz MP+9 Dex+6 SInv} (You
                  | found it on level 3 of the Crypt)
 54043 | Crypt:3  | Got a brightly glowing platinum ring
 54046 | Crypt:3  | Identified the ring "Ykhluet" {rElec rN+} (You found it on
                  | level 3 of the Crypt)
 54051 | Crypt:3  | Got a brightly glowing granite ring
 54053 | Crypt:3  | Identified the ring of Sloth {rC+ rN+ Str+3 Int+3} (You
                  | found it on level 3 of the Crypt)
 55335 | Elf:1    | Entered Level 1 of the Elven Halls
 55550 | Elf:1    | Reached XP level 26. HP: 188/208 MP: 41/43
 56171 | Elf:2    | Found a runed translucent gate.
 56307 | Elf:2    | Found Bumykhliv's Magic Scroll Emporium.
 56320 | Elf:2    | Bought a scroll of teleportation for 54 gold pieces
 56320 | Elf:2    | Bought a scroll of teleportation for 54 gold pieces
 56320 | Elf:2    | Bought a scroll of identify for 36 gold pieces
 56354 | Elf:2    | Found a runed translucent gate.
 56361 | Elf:2    | Found a runed translucent gate.
 56857 | Elf:3    | Entered Level 3 of the Elven Halls
 57262 | Elf:3    | Identified the +8 halberd "Riukkuyre" {drain, MR- MP+9
                  | Dex+3}
 57262 | Elf:3    | Identified the ring of Jealousy {*Drain EV+5 Int+4 Slay+2}
 57401 | Elf:3    | Identified the +6 broad axe of Gallantry {flame, rElec
                  | rPois rF- Stlth+}
 57421 | Elf:3    | Got an ancient silver ring
 57424 | Elf:3    | Identified the ring "Boufext" {+Fly rN+ Int+2} (You found
                  | it on level 3 of the Elven Halls)
 57464 | Elf:3    | Identified the Almanac of Unstable Poisoning
 57517 | Elf:3    | Got a smoking wooden ring
 57519 | Elf:3    | Identified the ring "Biarym" {*Drain rF+ Str+6 SInv Stlth-}
                  | (You found it on level 3 of the Elven Halls)
 58525 | Vaults:5 | Entered Level 5 of the Vaults
 58574 | Vaults:5 | Reached XP level 27. HP: 195/217 MP: 43/43
 59284 | Vaults:5 | Identified the +11 quarterstaff "Beurchowu" {drain, rPois}
 59564 | Vaults:5 | Reached skill level 15 in Conjurations
 59564 | Vaults:5 | Reached skill level 15 in Hexes
 59564 | Vaults:5 | Reached skill level 15 in Charms
 59564 | Vaults:5 | Reached skill level 15 in Summonings
 59564 | Vaults:5 | Reached skill level 15 in Necromancy
 59564 | Vaults:5 | Reached skill level 15 in Translocations
 59564 | Vaults:5 | Reached skill level 15 in Transmutations
 59564 | Vaults:5 | Reached skill level 15 in Fire Magic
 59564 | Vaults:5 | Reached skill level 15 in Ice Magic
 59564 | Vaults:5 | Reached skill level 15 in Air Magic
 59564 | Vaults:5 | Reached skill level 15 in Earth Magic
 59564 | Vaults:5 | Reached skill level 15 in Poison Magic
 60089 | Vaults:5 | Got a silver rune of Zot
 60103 | Vaults:5 | Identified the cursed +0 pair of gloves of Analysis {Str+4
                  | SInv} (You found it on level 5 of the Vaults)
 60329 | Vaults:5 | Identified the Grimoire of Supportive Conjuration
 60714 | Vaults:5 | Learned a level 6 spell: Statue Form
 61141 | Zot:1    | Entered Level 1 of the Realm of Zot
 64356 | Zot:3    | You fall into a shaft and drop 1 floor!
 64475 | Zot:4    | Noticed an orb of fire
 64481 | Zot:4    | Gained mutation: You are occasionally teleported next to
                  | monsters. [an orb of fire]
 64485 | Zot:4    | Gained mutation: You are dopey. (Int -2) [an orb of fire]
 64498 | Zot:4    | Gained mutation: Scrolls take you a little longer to read.
                  | [an orb of fire]
 64499 | Zot:4    | Gained mutation: You are weak. (Str -2) [an orb of fire]
 64501 | Zot:4    | Gained mutation: You are frail. (-10% HP) [an orb of fire]
 64504 | Zot:4    | Gained mutation: You are very frail. (-20% HP) [an orb of
                  | fire]
 64508 | Zot:4    | Killed an orb of fire
 64929 | Zot:4    | Found a runed translucent gate.
 64929 | Zot:4    | Found a runed translucent gate.
 64942 | Zot:4    | Found a runed translucent gate.
 64943 | Zot:4    | Noticed Mikey69's ghost (legendary DsBe)
 64944 | Zot:4    | Noticed Uneer's ghost (legendary GnFE)
 64944 | Zot:4    | Noticed Hicanoach's ghost (master DsGl)
 65626 | Zot:4    | Learned a level 3 spell: Lesser Beckoning
 65633 | Zot:4    | Learned a level 6 spell: Deflect Missiles
 65680 | Zot:5    | Entered Level 5 of the Realm of Zot
 65789 | Zot:5    | Noticed an ancient lich
 65789 | Zot:5    | Noticed an orb of fire
 65789 | Zot:5    | Noticed an orb of fire
 65789 | Zot:5    | Noticed an orb of fire
 65789 | Zot:5    | Noticed an ancient lich
 65794 | Zot:5    | Gained mutation: Your magical capacity is low. (-10% MP)
                  | [an orb of fire]
 65797 | Zot:5    | Killed an ancient lich
 65797 | Zot:5    | Killed an orb of fire
 65797 | Zot:5    | Killed an orb of fire
 65799 | Zot:5    | Killed an ancient lich
 65802 | Zot:5    | Killed an orb of fire
 65970 | Zot:5    | Noticed an ancient lich
 65981 | Zot:5    | Killed an ancient lich
 65986 | Zot:5    | Noticed an orb of fire
 65988 | Zot:5    | Noticed an orb of fire
 65990 | Zot:5    | Noticed an orb of fire
 66006 | Zot:5    | Noticed an ancient lich
 66025 | Zot:5    | Killed an ancient lich
 66227 | Zot:5    | Gained mutation: You are very dopey. (Int -4) [an orb of
                  | fire]
 66232 | Zot:5    | Killed an orb of fire
 66292 | Zot:5    | Gained mutation: You are extremely frail. (-30% HP) [an orb
                  | of fire]
 66297 | Zot:5    | Gained mutation: You occasionally shout uncontrollably at
                  | your foes. [an orb of fire]
 66304 | Zot:5    | Gained mutation: Potions are less effective at restoring
                  | your health. [an orb of fire]
 66310 | Zot:5    | Gained mutation: Your body sometimes deteriorates upon
                  | taking damage. [an orb of fire]
 66311 | Zot:5    | Killed an orb of fire
 66611 | Zot:5    | Gained mutation: You sometimes yell uncontrollably at your
                  | foes. [an orb of fire]
 66618 | Zot:5    | Gained mutation: Scrolls take you longer to read. [an orb
                  | of fire]
 66624 | Zot:5    | Gained mutation: You frequently scream uncontrollably at
                  | your foes. [an orb of fire]
 66632 | Zot:5    | Killed an orb of fire
 67513 | D:7      | Bought a potion of mutation for 96 gold pieces
 67513 | D:7      | Bought a potion of agility for 48 gold pieces
 67513 | D:7      | Bought a potion of heal wounds for 60 gold pieces
 67513 | D:7      | Bought a potion of brilliance for 48 gold pieces
 67513 | D:7      | Bought a potion of invisibility for 96 gold pieces
 67513 | D:7      | Bought a potion of cancellation for 96 gold pieces
 68139 | Slime:1  | Entered Level 1 of the Pits of Slime
 68157 | Slime:1  | Gained mutation: Your magical capacity is very low. (-20%
                  | MP) [a shining eye]
 68189 | Slime:2  | Gained mutation: Your spells are a little easier to cast,
                  | but a little less powerful. [a shining eye]
 68516 | Slime:2  | Learned a level 1 spell: Summon Butterflies
 68522 | Slime:2  | Learned a level 5 spell: Summon Forest
 68811 | Slime:3  | Found a viscous altar of Jiyva.
 68854 | Slime:5  | Entered Level 5 of the Pits of Slime
 68914 | Slime:5  | Gained mutation: You are sometimes teleported next to
                  | monsters. [a shining eye]
 68929 | Slime:5  | Noticed the Royal Jelly
 68929 | Slime:5  | Gained mutation: You are very weak. (Str -4) [a shining
                  | eye]
 69212 | Slime:4  | Lost mutation: You are sometimes teleported next to
                  | monsters. [potion of mutation]
 69212 | Slime:4  | Lost mutation: Your magical capacity is very low. (-20% MP)
                  | [potion of mutation]
 69212 | Slime:4  | Gained mutation: You are somewhat resistant to further
                  | mutation. [potion of mutation]
 69213 | Slime:4  | Lost mutation: You are very weak. (Str -4) [potion of
                  | mutation]
 69213 | Slime:4  | Lost mutation: Scrolls take you longer to read. [potion of
                  | mutation]
 69213 | Slime:4  | Lost mutation: Potions are less effective at restoring your
                  | health. [potion of mutation]
 69213 | Slime:4  | Lost mutation: You are weak. (Str -2) [potion of mutation]
 69214 | Slime:4  | Lost mutation: You are extremely frail. (-30% HP) [potion
                  | of mutation]
 69214 | Slime:4  | Lost mutation: You have a pair of small horns on your head.
                  | [potion of mutation]
 69214 | Slime:4  | Lost mutation: Your magical capacity is low. (-10% MP)
                  | [potion of mutation]
 69214 | Slime:4  | Lost mutation: You are agile. (Dex +2) [potion of mutation]
 69215 | Slime:4  | Lost mutation: You are very frail. (-20% HP) [potion of
                  | mutation]
 69215 | Slime:4  | Lost mutation: Scrolls take you a little longer to read.
                  | [potion of mutation]
 69215 | Slime:4  | Lost mutation: You frequently scream uncontrollably at your
                  | foes. [potion of mutation]
 69215 | Slime:4  | Lost mutation: You are frail. (-10% HP) [potion of
                  | mutation]
 69215 | Slime:4  | Gained mutation: You are somewhat resistant to both further
                  | mutation and mutation removal. [potion of mutation]
 69413 | Slime:5  | Killed the Royal Jelly
 69810 | Slime:5  | Identified the Incunabulum of Cold and Air
 69842 | Slime:5  | Identified the Tome of Toxins and the Entourage
 69845 | Slime:5  | Got a slimy rune of Zot
 70418 | Zig:1    | Entered Level 1 of a ziggurat
 70471 | Zig:2    | Entered Level 2 of a ziggurat
 70495 | Zig:3    | Entered Level 3 of a ziggurat
 70550 | Zig:4    | Entered Level 4 of a ziggurat
 70585 | Zig:5    | Entered Level 5 of a ziggurat
 70643 | Zig:5    | Lost mutation: You expend magic power (3 MP) to strengthen
                  | your wands. [potion of mutation]
 70643 | Zig:5    | Lost mutation: You have sharp toenails. [potion of
                  | mutation]
 70647 | Zig:6    | Entered Level 6 of a ziggurat
 70670 | Zig:6    | Got a transparent graven amulet
 70681 | Zig:6    | Identified the amulet "Noafut" {Reflect rF+ SH+5} (You
                  | found it on level 6 of a ziggurat)
 70686 | Zig:7    | Entered Level 7 of a ziggurat
 70740 | Zig:7    | Identified the +0 cloak of Relativism {+Inv} (You acquired
                  | it on level 7 of a ziggurat)
 70783 | Zig:8    | Entered Level 8 of a ziggurat
 70786 | Zig:8    | Noticed Mousiore the pandemonium lord
 70812 | Zig:8    | Killed Mousiore the pandemonium lord
 71222 | Zig:9    | Entered Level 9 of a ziggurat
 71302 | Zig:10   | Entered Level 10 of a ziggurat
 71372 | Zig:10   | Identified the +7 fire dragon scales of Leunn {rF++ rC-
                  | Int+4} (You found it on level 10 of a ziggurat)
 71416 | Zig:11   | Entered Level 11 of a ziggurat
 71474 | Zig:11   | Lost mutation: You are somewhat resistant to both further
                  | mutation and mutation removal. [potion of mutation]
 71474 | Zig:11   | Lost mutation: You are very dopey. (Int -4) [potion of
                  | mutation]
 71474 | Zig:11   | Lost mutation: Your body sometimes deteriorates upon taking
                  | damage. [potion of mutation]
 71519 | Zig:11   | Got a wavering silver ring
 71524 | Zig:11   | Identified the ring of Weblits {*Contam rElec rF+++ rC+
                  | MR+} (You found it on level 11 of a ziggurat)
 71537 | Zig:12   | Entered Level 12 of a ziggurat
 71542 | Zig:12   | Noticed a greater mummy
 71545 | Zig:12   | Noticed a greater mummy
 71552 | Zig:12   | Killed a greater mummy
 71555 | Zig:12   | Killed a greater mummy
 71589 | Zig:12   | Lost mutation: You sometimes yell uncontrollably at your
                  | foes. [potion of mutation]
 71589 | Zig:12   | Lost mutation: Your spells are a little easier to cast, but
                  | a little less powerful. [potion of mutation]
 71589 | Zig:12   | Gained mutation: You are partially covered in icy blue
                  | scales. (AC +2) [potion of mutation]
 71867 | Zig:13   | Entered Level 13 of a ziggurat
 71873 | Zig:13   | Noticed an ancient lich
 71881 | Zig:13   | Killed an ancient lich
 71904 | Zig:13   | Found the +8 demon trident "Rift" {distort, reach+}
 71940 | Zig:13   | Got a bloodstained cloak
 71951 | Zig:13   | Identified the +4 cloak "Gutom" {+Blink Stlth+} (You found
                  | it on level 13 of a ziggurat)
 71961 | Zig:14   | Entered Level 14 of a ziggurat
 71969 | Zig:14   | Noticed Nerapp the pandemonium lord
 72470 | Depths:4 | Lost mutation: You are dopey. (Int -2) [potion of mutation]
 72470 | Depths:4 | Lost mutation: You are somewhat resistant to further
                  | mutation. [potion of mutation]
 72470 | Depths:4 | Gained mutation: Your body sometimes deteriorates upon
                  | taking damage. [potion of mutation]
 72470 | Depths:4 | Gained mutation: Your body often deteriorates upon taking
                  | damage. [potion of mutation]
 72470 | Depths:4 | Gained mutation: Your muscles are strong. (Str +2) [potion
                  | of mutation]
 72499 | Hell     | Entered the Vestibule of Hell
 72499 | Hell     | Noticed Geryon
 73431 | Hell     | Killed Geryon
 73477 | Hell     | Found a gateway to the ashen valley of Gehenna.
 73793 | Hell     | Found a gateway to the decaying netherworld of Tartarus.
 73938 | Hell     | Found a gateway to the Iron City of Dis.
 74082 | Hell     | Found a gateway to the freezing wastes of Cocytus.
 74287 | Geh:1    | Entered Level 1 of Gehenna
 75235 | Geh:7    | Entered Level 7 of Gehenna
 75902 | Geh:7    | Gained mutation: You are frail. (-10% HP) [mutagenic glow]
 75930 | Geh:7    | Lost mutation: You are frail. (-10% HP) [potion of
                  | mutation]
 75930 | Geh:7    | Lost mutation: Your body often deteriorates upon taking
                  | damage. [potion of mutation]
 75930 | Geh:7    | Gained mutation: Scrolls take you a little longer to read.
                  | [potion of mutation]
 75930 | Geh:7    | Gained mutation: You possess an exceptional clarity of
                  | mind. [potion of mutation]
 76890 | Geh:7    | Identified the +3 great mace "Innucri" {vamp, Str+3}
 76890 | Geh:7    | Identified the +7 sceptre of Asmodeus
 76890 | Geh:7    | Noticed Asmodeus
 76929 | Geh:7    | Killed Asmodeus
 76952 | Geh:7    | Got an obsidian rune of Zot
 77426 | Depths:4 | Voluntarily entered the Abyss.
 77745 | Abyss:1  | Found a snail-covered altar of Cheibriados.
 77883 | Depths:4 | Escaped the Abyss
 77885 | Depths:4 | Voluntarily entered the Abyss.
 78127 | Abyss:1  | Found a blossoming altar of Fedhas.
 78229 | Abyss:1  | Lost mutation: You possess an exceptional clarity of mind.
                  | [potion of mutation]
 78229 | Abyss:1  | Lost mutation: Scrolls take you a little longer to read.
                  | [potion of mutation]
 78229 | Abyss:1  | Gained mutation: Scrolls take you a little longer to read.
                  | [potion of mutation]
 78229 | Abyss:1  | Gained mutation: You have a pair of small horns on your
                  | head. [potion of mutation]
 78339 | Abyss:1  | Got a transparent hat
 78350 | Abyss:1  | Identified the +3 hat "Umuim" {Str+6} (You acquired it on
                  | level 1 of the Abyss)
 78665 | Abyss:1  | Gained mutation: Your magical capacity is low. (-10% MP) [a
                  | neqoxec]
 78685 | Abyss:1  | Found a corrupted altar of Lugonu.
 78718 | Abyss:1  | Found a corrupted altar of Lugonu.
 78733 | Abyss:1  | Found a corrupted altar of Lugonu.
 79916 | Abyss:1  | Found a sparkling altar of Nemelex Xobeh.
 80831 | Depths:4 | Escaped the Abyss
 81208 | Depths:4 | Voluntarily entered the Abyss.
 81574 | Abyss:3  | Gained mutation: You sometimes yell uncontrollably at your
                  | foes. [a neqoxec]
 81575 | Abyss:3  | Gained mutation: You are clumsy. (Dex -2) [a neqoxec]
 82546 | Abyss:3  | Paralysed by accursed screaming for 1 turns
 82775 | Abyss:3  | Found a runed translucent door.
 82795 | Abyss:3  | Found a runed translucent door.
 83035 | Abyss:3  | Gained mutation: Your spells are a little easier to cast,
                  | but a little less powerful. [a neqoxec]
 83131 | Abyss:3  | Noticed an ancient lich
 83137 | Abyss:3  | Killed an ancient lich
 83468 | Abyss:3  | Paralysed by accursed screaming for 2 turns
 84144 | Abyss:4  | Got an abyssal rune of Zot
 84443 | Abyss:4  | Paralysed by accursed screaming for 1 turns
 84483 | Abyss:4  | Found a corrupted altar of Lugonu.
 84489 | Depths:4 | Escaped the Abyss
 84702 | Depths:4 | Voluntarily entered the Abyss.
 84728 | Abyss:1  | Paralysed by accursed screaming for 1 turns
 84734 | Abyss:1  | Gained mutation: Your spells are easier to cast, but less
                  | powerful. [a shining eye]
 84894 | Depths:4 | Escaped the Abyss
 85112 | Depths:4 | Voluntarily entered the Abyss.
 85186 | Abyss:1  | Noticed an ancient lich
 85201 | Abyss:1  | Killed an ancient lich
 85351 | Depths:4 | Escaped the Abyss
 85395 | Pan      | Entered Pandemonium
 85562 | Pan      | Noticed Nashroa the pandemonium lord
 85577 | Pan      | Gained mutation: You tend to lose your temper in combat. [a
                  | cacodemon]
 85578 | Pan      | Killed Nashroa the pandemonium lord
 85578 | Pan      | Gained mutation: You often lose your temper in combat. [a
                  | cacodemon]
 86231 | Pan      | Identified the +2 buckler "Haelinel" {rCorr Slay+4}
 86237 | Pan      | Identified the +0 buckler of Tyichile {Int+4}
 86471 | Pan      | Found a glowing silver altar of Zin.
 86475 | Pan      | HP: 9/228 [daeva/divine providence (9)]
 86475 | Pan      | Killed from afar by a daeva

Levels and vault maps discovered:
D:1:      arrival_aquarium_a, layout_basic
D:2:      layout_loops_ring, ashenzari_altar_1, lemuel_crystal_altar,
          serial_bayou_pond_a, tgw_xom, uniq_jessica
D:3:      layout_basic, nicolae_dithmenos_through_a_glass_darkly,
          lemuel_round_altar, nicolae_overflow_crystal_walls,
          chequers_ecumenical_altar_twisty
D:4:      layout_rooms, serial_shops, shop, first_ration
D:5:      layout_basic, basic_altar, serial_shops, nicolae_shop_behind_doors,
          makhleb_altar_promises_db
D:6:      layout_cave_pools, kennysheep_mini, minmay_temple_entry_overgrown
D:7:      layout_cave_pods, biasface_ghost_orc_armoury, serial_shops, shop
D:8:      cheibrodos_fertilizer, layout_loops_ring,
          grunt_temple_overflow_diamond, basic_altar
D:9:      layout_loops_ring, old_standard_altar, david_lair_generic,
          uniq_joseph, uniq_grum, uniq_erica
D:10:     layout_roguey, serial_shops, nicolae_shop_crystal, shop_statue,
          kennysheep_little_box, kennysheep_mini_moat, gammafunk_ghost_spectres,
          uniq_maurice, uniq_fannar
D:11:     layout_small_grid, serial_undead, serial_undead_d, serial_undead_b,
          serial_undead_a, serial_undead_e, serial_undead_c, serial_undead_d,
          grunt_pizzeria, uniq_psyche
D:12:     layout_loops_corners, hiddenorc1_lemuel, serial_shops, shop
D:13:     orc_temple, layout_cave_pods, serial_shops, nicolae_shop_crystal,
          portal_ice_cave_demonic_guard, uniq_jorgrun
D:14:     hangedman_cross_stitches, layout_loops_corners,
          ximxim_vaults_locker_room, hangedman_decor_clover_reticule
D:15:     gammafunk_depths_entry_grave, layout_loops_ring, serial_rivers,
          chequers_serial_rivers_small_b, chequers_serial_rivers_micro_b,
          chequers_serial_rivers_small_3, chequers_serial_rivers_large_b,
          chequers_serial_rivers_marsh, ebering_ghost_inner_flame,
          einodemon_armed_red_devil_minivault
Temple:   minmay_temple_forest_path
Lair:1:   wad_woods_04, layout_regular_city, ebering_ghost_inner_flame,
          lemuel_fruit_tree
Lair:2:   layout_chaotic_city, skrybe_swamp_entry_bodies,
          lightli_volcano_entry_magma_tube, serial_bayou_shore_a,
          grunt_megastairs_1, infiniplex_staircase_pool, serial_bayou_shore_b
Lair:3:   layout_cave_pods, spider_nest_entry_a, uniq_snorg, uniq_urug
Lair:4:   layout_regular_city
Lair:5:   layout_gridlike
Lair:6:   hangedman_lair_in_review, layout_layer_cave, slime_dummy,
          gauntlet_entry_generic
Swamp:1:  layout_basic_swamp, evilmike_swamp_ruin_house_1, uniq_louise,
          uniq_kirke, uniq_donald
Swamp:2:  layout_falls_marsh, hangedman_swamp_pad, infiniplex_staircase_pool_2
Swamp:3:  layout_basic_swamp, basic_altar
Swamp:4:  swamp_vile, layout_basic_swamp, swamp_pool1
Spider:1: layout_spider_delve
Spider:2: cheibrodos_spider_deadly_dance, hangedman_spider_tarantella_strand
Spider:3: layout_spider_delve
Spider:4: spider_rune_water
Slime:1:  layout_caves
Slime:2:  layout_caves, cheibrodos_slime_lost_civilization_4
Slime:3:  layout_caves, basic_altar
Slime:4:  layout_caves, cheibrodos_slime_lost_civilization_6
Slime:5
Orc:1:    cheibrodos_orc_guarddog, layout_diamond_mine, nicolae_orc_rockfall
Orc:2:    st_orc_mages, layout_caves, serial_shops, nicolae_shop_crystal
Elf:1:    layout_geoelf_octagon, minivault_28, minivault_25_ag
Elf:2:    layout_gridlike, serial_shops, nicolae_shop_waterfront, abandoned_shop
Elf:3:    elf_hall, layout_loops_cross, kilobyte_rumbling_trees
Vaults:1: grunt_vaults_bifocal, vaults_mumra_minichess, vaults_mumra_chevron,
          ontoclasm_vaults_tryst, hangedman_vaults_locks,
          nicolae_vaults_rhombus_7, ontoclasm_vaults_loading_screen,
          nicolae_vaults_yaktaur_gun_rack, ontoclasm_vaults_hangar,
          nicolae_vaults_little_squares_5, vaults_room_hallway,
          vaults_room_pools, ontoclasm_vaults_twist, layout_vaults_omnicross,
          serial_shops, nicolae_shop_stone
Vaults:2: nicolae_vaults_ninety_degrees, v_misc_10,
          hangedman_vaults_hard_town_square, v_pattern_2,
          nicolae_vaults_windows_and_doors_thing, nicolae_vaults_alarming,
          hangedman_vaults_snaps, layout_vaults_big_room
Vaults:3: minmay_guarded_unrand_secular_launcher, minmay_crypt_entry_simple_box,
          v_misc_9, nicolae_vaults_network_star,
          nicolae_vaults_ring_of_whatevers, hangedman_vaults_impose,
          nicolae_vaults_little_squares_1, vaults_mumra_hexcomb,
          layout_vaults_omnigrid, serial_shops, shop_fountains, uniq_margery
Vaults:4: advil_vaults_ghost_guards, ontoclasm_vaults_shuriken, v_rooms_1,
          grunt_vaults_trifunnel, ontoclasm_vaults_ligature,
          nicolae_vaults_border_crossing, ontoclasm_vaults_hangar,
          hangedman_vaults_stitches, nicolae_vaults_mini_display_case,
          vaults_standard_mumra_lines, ontoclasm_vaults_decontamination,
          layout_vaults_ring
Vaults:5
Crypt:1:  layout_regular_city, gammafunk_ghost_mausoleum, uniq_xtahua
Crypt:2:  layout_gridlike, uniq_khufu, uniq_mennas
Crypt:3:  evilmike_haunted_forest
Depths:1: minmay_the_grid_triangle_9x9_recursive_3_mashed
          [minmay_the_grid_triangle_9x9_minimal,
          minmay_the_grid_triangle_9x9_dagger,
          minmay_the_grid_triangle_9x9_from_above,
          minmay_the_grid_triangle_9x9_prize_special,
          minmay_the_grid_triangle_9x9_intruding_spiral,
          minmay_the_grid_triangle_9x9_warning,
          minmay_the_grid_triangle_9x9_skeleton,
          minmay_the_grid_triangle_9x9_odd_lines,
          minmay_the_grid_triangle_9x9_stretched_checkered], layout_gridlike,
          hell_entry, kennysheep_boxes
Depths:2: spriggan_forest, hell_entry
Depths:3: minmay_rotating_shell, layout_small_grid, grunt_hell_entry_dis_grunt,
          grunt_pan_entry_spiral, lemuel_statue_altar
Depths:4: cheibrodos_leafed_vault, layout_gridlike, enter_ziggurat_a,
          nicolae_benzene_ring, hell_entry, serial_shops, shop, serial_curves,
          eino_curves_02, eino_curves_04, abyss_entry_crystal,
          dk_noncrumbling_2, infiniplex_staircase_trident
Depths:5: evilmike_zot_entry_gauntlet, layout_cave_pools,
          hangedman_abyss_or_decor_passed, grunt_mini_vestibule,
          nemelex_xobeh_ov_fountains_minmay
Hell
Geh:1:    layout_gehenna_pools_box, gehenna_fire_generator
Geh:2:    layout_gehenna_pools_triple, nicolae_geh_sunburst
Geh:3:    layout_gehenna_pools_basic, minmay_fire_ice_demons
Geh:4:    layout_gehenna_pools_basic, lemuel_flamethrower_3
Geh:5:    minmay_firetagon, layout_gehenna_pools_triple
Geh:6:    layout_gehenna_pools_box
Geh:7:    geh_hangedman
Zot:1:    layout_onion
Zot:2:    layout_gridville, zot_minivault_8
Zot:3:    layout_gridville
Zot:4:    kennysheep_oblong_rooms, layout_gridlike, gammafunk_ghost_cemetery
Zot:5:    layout_onion
Pan:      nicolae_pan_door_chamber, layout_grid_shapes,
          evilmike_mini_pan_layers, layout_gridlike, evilmike_holy_pan

Skill      XL: |  1  2  3  4  5  6  7  8  9 10 11 12 13 14 15 16 17 18 19 20 21 22 23 24 25 26 27 |
---------------+----------------------------------------------------------------------------------+-----
Invocations    | 1 2 3 4 5 6 7 8 9 10 11 12 13 14 15 16 17 18 23 | 23.5
Short Blades   | 1 2 3 4 5 6 7 8 9 10 11 12 13 14 15 16 22 | 22.0
Long Blades    | 1 2 3 4 5 6 7 8 9 10 11 12 13 14 15 16 22 | 22.0
Axes           | 1 2 3 4 5 6 7 8 9 10 11 12 13 14 15 16 22 | 22.0
Maces & Flails | 1 2 3 4 5 6 7 8 9 10 11 12 13 14 15 16 22 | 22.0
Polearms       | 1 2 3 4 5 6 7 8 9 10 11 12 13 14 15 16 22 | 22.0
Staves         | 1 2 3 4 5 6 7 8 9 10 11 12 13 14 15 16 22 | 22.0
Slings         | 1 2 3 4 5 6 7 8 9 10 11 12 13 14 15 16 22 | 22.0
Crossbows      | 1 2 3 4 5 6 7 8 9 10 11 12 13 14 15 16 22 | 22.0
Dodging        | 1 2 3 4 5 6 7 8 9 10 11 12 13 14 15 16 22 | 22.0
Stealth        | 1 2 3 4 5 6 7 8 9 10 11 12 13 14 15 16 22 | 22.0
Unarmed Combat | 1 2 3 4 5 6 7 8 9 10 11 12 13 14 15 16 22 | 22.0
Spellcasting   | 1 2 3 4 5 6 7 8 9 10 11 12 13 14 15 16 22 | 22.0
Evocations     | 1 2 3 4 5 6 7 8 9 10 11 12 13 14 15 16 24 | 24.2
Conjurations   | 1 2 3 4 5 6 7 8 9 10 11 12 13 14 19 | 19.1
Hexes          | 1 2 3 4 5 6 7 8 9 10 11 12 13 14 19 | 19.1
Charms         | 1 2 3 4 5 6 7 8 9 10 11 12 13 14 19 | 19.1
Summonings     | 1 2 3 4 5 6 7 8 9 10 11 12 13 14 19 | 19.1
Necromancy     | 1 2 3 4 5 6 7 8 9 10 11 12 13 14 19 | 19.1
Translocations | 1 2 3 4 5 6 7 8 9 10 11 12 13 14 19 | 19.1
Transmutations | 1 2 3 4 5 6 7 8 9 10 11 12 13 14 19 | 19.1
Fire Magic     | 1 2 3 4 5 6 7 8 9 10 11 12 13 14 19 | 19.1
Ice Magic      | 1 2 3 4 5 6 7 8 9 10 11 12 13 14 19 | 19.1
Air Magic      | 1 2 3 4 5 6 7 8 9 10 11 12 13 14 19 | 19.1
Earth Magic    | 1 2 3 4 5 6 7 8 9 10 11 12 13 14 19 | 19.1
Poison Magic   | 1 2 3 4 5 6 7 8 9 10 11 12 13 14 19 | 19.1
Bows           | 3 4 5 6 7 8 9 10 11 12 13 14 15 16 17 22 | 22.1
Throwing       | 3 4 5 6 7 8 9 10 11 12 13 14 15 16 17 22 | 22.1
Shields        | 3 4 5 6 7 8 9 10 11 12 13 14 15 16 17 24 | 24.1
Fighting       | 7 8 9 10 11 12 13 14 15 16 17 22 | 22.6
Armour         | 9 10 11 12 13 14 15 16 17 18 22 | 22.9

Action                   |  1- 3 |  4- 6 |  7- 9 | 10-12 | 13-15 | 16-18 | 19-21 | 22-24 | 25-27 || total
-------------------------+-------+-------+-------+-------+-------+-------+-------+-------+-------++-------
Melee: Whip              |    52 |       |       |       |       |       |       |       |       ||    52
       Bite              |     7 |     5 |    29 |   165 |   367 |   415 |   319 |   267 |  1016 ||  2590
       Hand axe          |     2 |    72 |       |       |       |       |       |       |       ||    74
       Spear             |       |    18 |   216 |   736 |  1497 |  1803 |  1132 |       |       ||  5402
       Headbutt          |       |       |       |       |       |   528 |   591 |   419 |  1309 ||  2847
       Broad axe         |       |       |       |       |       |       |   356 |  1135 |  4951 ||  6442
 Fire: Shortbow          |    12 |       |       |       |       |       |       |       |       ||    12
Throw: Javelin           |       |    19 |     1 |     4 |       |       |       |       |       ||    24
       Boomerang         |       |     2 |       |       |       |       |       |       |       ||     2
 Cast: Ensorcelled Hiber |       |       |       |     6 |       |       |       |       |       ||     6
       Aura of Abjuratio |       |       |       |       |       |       |       |       |    23 ||    23
       Lesser Beckoning  |       |       |       |       |       |       |       |       |    36 ||    36
       Statue Form       |       |       |       |       |       |       |       |       |    26 ||    26
       Controlled Blink  |       |       |       |       |       |       |       |       |     8 ||     8
       Summon Forest     |       |       |       |       |       |       |       |       |     8 ||     8
       Deflect Missiles  |       |       |       |       |       |       |       |       |     7 ||     7
       Summon Butterflie |       |       |       |       |       |       |       |       |     2 ||     2
       Lee's Rapid Decon |       |       |       |       |       |       |       |       |     1 ||     1
Invok: Slouch            |       |       |       |     2 |    15 |    23 |    16 |     8 |    37 ||   101
       Bend Time         |       |       |       |       |     2 |       |       |       |     2 ||     4
       Step From Time    |       |       |       |       |       |       |     1 |       |       ||     1
Evoke: Wand              |       |       |     2 |     6 |    22 |     8 |     3 |     1 |    30 ||    72
       Box of beasts     |       |       |       |     1 |       |       |       |       |       ||     1
       Sack of spiders   |       |       |       |       |       |       |       |       |     1 ||     1
  Use: Scroll            |       |       |     3 |     6 |    11 |    13 |    13 |    14 |    36 ||    96
       Potion            |       |       |     8 |     1 |     8 |     6 |     5 |     2 |    49 ||    79
 Stab: Sleeping          |       |       |     2 |     1 |       |     6 |    13 |     1 |    11 ||    34
       Distracted        |       |       |       |       |       |     5 |     9 |     2 |    21 ||    37
       Confused          |       |       |       |       |       |     2 |       |       |     1 ||     3
       Invisible         |       |       |       |       |       |       |       |       |    14 ||    14
  Eat: Chunk             |     1 |     5 |    10 |    12 |    25 |    21 |    10 |    17 |    30 ||   131
       Ration            |       |       |       |       |       |     1 |     3 |     1 |    13 ||    18
Armor: Ring mail         |    22 |    38 |    30 |       |       |       |       |       |       ||    90
       Plate armour      |       |       |    50 |   306 |   431 |   437 |   388 |    20 |       ||  1632
       Skin              |       |       |     6 |       |       |       |       |       |    74 ||    80
       Crystal plate arm |       |       |       |       |       |       |       |   201 |       ||   201
       Gold dragon scale |       |       |       |       |       |       |       |   126 |  1052 ||  1178
       Acid dragon scale |       |       |       |       |       |       |       |       |    21 ||    21
Dodge: Dodged            |    28 |    52 |    94 |   343 |   687 |   818 |   814 |   712 |  2603 ||  6151
       Deflected         |       |       |       |       |       |       |       |       |    95 ||    95
Block: Buckler           |     4 |    29 |    46 |   223 |   521 |   290 |       |       |       ||  1113
       Reflection        |       |       |       |       |    21 |     4 |    70 |    21 |       ||   116
       Shield            |       |       |       |       |       |   707 |   950 |  1071 |  1863 ||  4591
       Large shield      |       |       |       |       |       |       |       |       |  4076 ||  4076
